 Dungeon Crawl Stone Soup version 0.30-b1-2-g02819fbbbe (webtiles) character file.

Game seed: 5869544193734057033

9 Alarkh the Shooter (level 2, 22/22 HPs)
             Began as a Demonspawn Hunter on May 24, 2023.
             Got out of the dungeon alive.
             The game lasted 00:00:10 (100 turns).

Alarkh the Shooter (Demonspawn Hunter)               Turns: 100, Time: 00:00:11

Health: 22/22      AC:  5    Str: 11    XL:     2   Next: 6%
Magic:  2/2        EV: 11    Int: 10    God:
Gold:   17         SH:  0    Dex: 16    Spells: 1/1 levels left

rFire   . . .        a - +0 shortbow
rCold   . . .        (shield currently unavailable)
rNeg    . . .        c - +0 leather armour
rPois   .            (no helmet)
rElec   .            (no cloak)
rCorr   .            (no gloves)
SInv    .            (no boots)
Will    .....        (no amulet)
Stlth   +            (no ring)
HPRegen 0.23/turn    (no ring)
MPRegen 0.08/turn

%: no passive effects
@: no status effects
A: thin metallic scales 1
a: no special abilities


You escaped.
You visited 1 branch of the dungeon, and saw 1 of its levels.

You collected 17 gold pieces.

Inventory:

Hand Weapons
 a - a +0 shortbow (weapon)
Armour
 c - a +0 leather armour (worn)
Scrolls
 b - a scroll of immolation
Potions
 d - a potion of flight {unknown}


   Skills:
 - Level 2.0 Fighting
 + Level 4.1 Ranged Weapons
 - Level 1.7 Dodging
 - Level 0.8 Stealth


You had one spell level left.
You didn't know any spells.
Your spell library was empty.

Dungeon Overview and Level Annotations

Branches:
Dungeon (1/15)

Altars:


Innate Abilities, Weirdness & Mutations

You are partially covered in thin metallic scales. (AC +2)


Message History

You shoot an arrow. The endoplasm quivers.
The arrow hits the kobold!
You kill the kobold!
You shoot an arrow. The arrow hits the kobold.
You kill the kobold!
You shoot an arrow. The arrow hits the endoplasm.
The endoplasm is heavily wounded.
You shoot an arrow. The arrow hits the endoplasm!
You kill the endoplasm!
d - a bubbling coppery potion
Found a rapier.
A frilled lizard comes into view.
You see here a +0 rapier.
A frilled lizard is nearby!
You shoot an arrow. The arrow hits the frilled lizard.
The frilled lizard hisses angrily.
The frilled lizard is heavily wounded.
You shoot an arrow. The arrow hits the frilled lizard!
You kill the frilled lizard!
Your Ranged Weapons skill increases to level 4!
You now have 17 gold pieces.
A goblin comes into view. It is wielding a +0 club.
A goblin is nearby!
You shoot an arrow. The arrow hits the goblin.
You kill the goblin!
You have reached level 2!
Your demonic ancestry asserts itself...
Thin metallic scales grow over part of your body.
A goblin comes into view. It is wielding a +0 dagger.
You shoot an arrow. The arrow hits the goblin.
You kill the goblin!
No target in view!
You see here a +0 rapier.
You open the door.
There is an open door here.
There is an open door here.
There is a staircase leading out of the dungeon here.
Are you sure you want to leave the Dungeon?
This will make you lose the game!
You have escaped!

.........#.........#
........#.....##.##
.......)#...#.##..#
#####...#.###.###.# #...#.+
+.'#'.# .# #...###
###.########.# ...#####...#
+.'.#......... ...........#
#.###......... ...........#
#@###........) ...........#
###.......)...
...........#### #........#
..............####......$.#
..................##......#
..................##........#
..##...#..................###
#......................#
#...##.#...............#


There were no monsters in sight!

Vanquished Creatures
  An endoplasm (D:1)
  2 goblins (D:1)
  2 jackals (D:1)
  A frilled lizard (D:1)
  3 kobolds (D:1)
9 creatures vanquished.

Notes
Turn   | Place    | Note
-------+----------+-------------------------------------------
     0 | D:1      | Alarkh the Demonspawn Hunter began the quest for the Orb.
     0 | D:1      | Reached XP level 1. HP: 16/16 MP: 1/1
    41 | D:1      | Reached skill level 4 in Ranged Weapons
    61 | D:1      | Gained mutation: You are partially covered in thin metallic
                  | scales. (AC +2) [demonic ancestry]
    61 | D:1      | Reached XP level 2. HP: 22/22 MP: 2/2
   100 | D:$      | Got out of the dungeon alive.

Illustrated notes

Levels and vault maps discovered:
D:1:      erik_arrival_triangle_small, layout_basic, serial_shops, shop

Skill      XL: |  1 |
---------------+----+-----
Ranged Weapons | 4 |  4.1
Fighting       | |  2.0
Dodging        | |  1.7
Stealth        | |  0.8

Action                     || total
---------------------------++-------
   Fire: Shortbow          ||    15
